 Dungeon Crawl Stone Soup version 0.30-a0-1016-gfb0d676c02 (webtiles) character file.

Game seed: 16500129271240388987

4850 NinjaNoafa the Magician (level 10, -12/77 HPs)
             Began as a Gnoll Earth Elementalist on Apr 6, 2023.
             Was a Follower of Ashenzari.
             Engulfed by a cloud of flame (32 damage)
             ... on level 8 of the Dungeon.
             The game lasted 00:15:36 (6363 turns).

NinjaNoafa the Magician (Gnoll Earth Elementalist)  Turns: 6363, Time: 00:15:36

Health: -12/77     AC: 11    Str:  7    XL:     10   Next: 49%
Magic:  6/31       EV: 15    Int: 19    God:    Ashenzari [*.....]
Gold:   571        SH:  0    Dex: 13    Spells: 6/25 levels left

rFire   . . .      SeeInvis .    s - +1 dagger (venom)
rCold   . . .      Faith    .    (no shield)
rNeg    . . .      Spirit   .    j - +0 robe
rPois   .          Reflect  .    o - +0 helmet
rElec   .          Rampage  .    m - +0 cloak
rCorr   .                        e - +0 pair of gloves of the Circumscribed Seer {Melee, Fort} (curse)
Will    .....                    y - +0 pair of boots "Visionary Relativism" {Self, Bglg} (curse)
Stlth   +++                      (no amulet)
HPRegen 0.32/turn                l - ring of magical power
MPRegen 0.22/turn                F - +4 ring of protection

@: lethally poisoned (-12 -> -22), liquefying, slowed movement, very slow
A: fangs 1, strong nose, distributed training
a: Renounce Religion, Curse Item, Shatter the Chains


You were on level 8 of the Dungeon.
You worshipped Ashenzari.
Ashenzari was aware of your devotion.
You visited 2 branches of the dungeon, and saw 9 of its levels.

You collected 571 gold pieces.

Inventory:

Hand Weapons
 s - a +1 dagger of venom (weapon)
Missiles
 t - 21 poisoned darts
 v - a boomerang
 x - 6 javelins
 D - 2 curare-tipped darts
Armour
 e - the cursed +0 pair of gloves of the Circumscribed Seer (worn) {Melee, Fort}
   (You found it on level 1 of the Dungeon)

   It has a curse which improves the following skills: Melee Combat: Short
   Blades, Long Blades, Axes, Maces & Flails, Polearms, Staves and Unarmed
   Combat.
   Fortitude: Armour and Shields.
 j - a +0 robe (worn)
 m - a +0 cloak (worn)
 o - a +0 helmet (worn)
 y - the cursed +0 pair of boots "Visionary Relativism" (worn) {Self, Bglg}
   (You found it on level 6 of the Dungeon)

   It has a curse which improves the following skills: Introspection: Fighting
   and Spellcasting.
   Beguiling: Conjurations, Hexes and Translocations.
Jewellery
 i - a +6 ring of intelligence
 l - a ring of magical power (left hand)
 F - a +4 ring of protection (right hand)
Wands
 b - a wand of charming (9)
 n - a wand of flame (32)
 G - a wand of digging (4)
Scrolls
 c - 3 scrolls of enchant weapon
 d - 2 scrolls of fog
 g - 2 scrolls of magic mapping
 k - 2 scrolls of poison
 u - a scroll of butterflies
 w - a scroll of vulnerability
 A - a scroll of teleportation
Potions
 a - 3 potions of might
 f - a potion of curing
 h - 2 potions of berserk rage
 p - 2 potions of lignification
 q - a potion of attraction
 r - 3 potions of haste
 z - a potion of flight
 B - a potion of heal wounds
 C - a potion of brilliance
 E - a potion of degeneration


   Skills:
 + Level 5.5(6.3) Fighting
 + Level 5.5(6.3) Short Blades
 + Level 5.5(6.3) Long Blades
 + Level 5.5(6.3) Axes
 + Level 5.5(6.3) Maces & Flails
 + Level 5.5(6.3) Polearms
 + Level 5.5(6.3) Staves
 + Level 5.5 Ranged Weapons
 + Level 5.5 Throwing
 + Level 5.5(6.3) Armour
 + Level 7.3 Dodging
 + Level 7.0 Stealth
 + Level 5.5(6.3) Shields
 + Level 5.5(6.3) Unarmed Combat
 + Level 7.5(8.3) Spellcasting
 + Level 4.5(5.3) Conjurations
 + Level 4.5(5.3) Hexes
 + Level 4.5 Summonings
 + Level 4.5 Necromancy
 + Level 4.5(5.3) Translocations
 + Level 5.1 Transmutations
 + Level 4.5 Fire Magic
 + Level 4.5 Ice Magic
 + Level 4.5 Air Magic
 + Level 7.2 Earth Magic
 + Level 4.5 Poison Magic
 + Level 6.1 Invocations
 + Level 5.5 Evocations


You had 6 spell levels left.
You knew the following spells:

 Your Spells              Type           Power      Damage    Failure   Level
a - Passwall              Tmut/Erth      25%        N/A       1%          2
b - Sandblast             Erth           70%        2d15      1%          1
c - Call Canine Familiar  Summ           25%        N/A       4%          3
d - Inner Flame           Hex/Fire       26%        N/A       3%          3
e - Tukima's Dance        Hex            28%        N/A       3%          3
f - Leda's Liquefaction   Hex/Erth       15%        N/A       7%          4
i - Stone Arrow           Conj/Erth      62%        3d10      1%          3

Your spell library contained the following spells:

 Spells                   Type           Power      Damage    Failure   Level
 Beastly Appendage        Tmut           54%        N/A       1%          1
 Magic Dart               Conj           100%       1d8       1%          1
 Searing Ray              Conj           56%        2d6       1%          2
 Wereblood                Tmut           27%        N/A       1%          2
 Dazzling Flash           Conj/Hex       56%        N/A       3%          3
 Portal Projectile        Hex/Tloc       56%        N/A       3%          3
 Spider Form              Tmut/Pois      26%        N/A       3%          3
 Volatile Blastmotes      Fire/Tloc      52%        2d14      3%          3
 Petrify                  Tmut/Erth      31%        N/A       7%          4
 Fulminant Prism          Conj/Hex       14%        3d9       10%         4
 Iskenderun's Mystic Bla  Conj/Tloc      28%        2d7       10%         4
 Passage of Golubria      Tloc           28%        N/A       10%         4
 Flame Wave               Conj/Fire      26%        2d8       12%         4
 Sticky Flame             Conj/Fire      26%        2d5       12%         4
 Yara's Violent Unravell  Hex/Tmut       13%        3d7       28%         5
 Starburst                Conj/Fire      13%        6d5       87%         6


Dungeon Overview and Level Annotations

Branches:
Dungeon (8/15)             Temple (1/1) D:6
   Lair: D:8-11

Altars:
Ashenzari
Cheibriados
Dithmenos
Elyvilon
Fedhas
Gozag
Hepliaklqana
Kikubaaqudgha
Makhleb
Nemelex Xobeh
Qazlal
Ru
Sif Muna
Trog
Uskayaw
Vehumet
Wu Jian
Xom
Yredelemnul
Zin


Innate Abilities, Weirdness & Mutations

You have very sharp teeth.
Your uncanny sense of smell can sniff out nearby items.
Your experience applies equally to all skills.


Message History

Press: ? - help, Shift-Dir - straight line, f/p - killer bee
Aim: a killer bee (inner flame, 67% to hit)
Okay, then.
You hit the killer bee.
Flame seeps out of the killer bee.
The killer bee is poisoned.
The killer bee is lightly wounded.
You feel sick. The killer bee barely misses you.
The killer bee is engulfed in blazing flames.
Flame seeps out of the killer bee.
The killer bee stings you but does no damage.
The killer bee misses you. The killer bee barely misses you.
A water moccasin comes into view.
Unknown command.
The water moccasin hisses angrily.
You hit the killer bee.
Flame seeps out of the killer bee.
The killer bee looks as sick as possible!
The killer bee is heavily wounded.
You feel sick.
Flame seeps out of the killer bee.
The killer bee is engulfed in blazing flames.
The killer bee explodes!
The fiery explosion engulfs the killer bee!
The killer bee is severely wounded.
The fiery explosion engulfs you!!
* * * LOW HITPOINT WARNING * * *
The fiery explosion engulfs the killer bee!!
You kill the killer bee!
The fiery explosion engulfs the killer bee!
The killer bee is almost dead.
The fiery explosion engulfs the killer bee!
You kill the killer bee!
The killer bee is engulfed in blazing flames.
You kill the killer bee!
The killer bee stings you.
* * * LOW HITPOINT WARNING * * *
You are more poisoned.
The killer bee poisons you!
The killer bee stings you but does no damage.
Unknown command.
You are engulfed in blazing flames.
You die...

#..y ...... #...
#...# .. #...
#...# .S.
#...###...###...
#...............
#....§..........
#...............
#...###§§§###..
##..# #§@§#
##..###§y§###.#
#..............
#........+...#. .#
....#........#...#
.#
....#........##..#
.# ....<#........#
..#
.#......#........#
...
.#[.)...#........+


You could see a water moccasin and a killer bee.

Vanquished Creatures
  A two-headed ogre (D:8)
  Joseph (D:7)
  A hornet (D:6)
  Grinder (D:5)
  Eustachio (D:5)
  3 steam dragons
  A water moccasin (D:6)
  4 orc warriors
  2 sky beasts
  4 black bears
  3 kobold brigands
  A bullfrog (D:7)
  4 scorpions
  4 wights (D:8)
  8 killer bees
  4 howler monkeys
  3 jellies
  3 hounds
  4 iguanas
  2 orc priests (D:7)
  Crazy Yiuf (D:6)
  2 sleepcaps
  8 orc wizards
  Robin (D:2)
  A gnoll (D:6)
  10 adders
  5 white imps
  3 ufetubi (D:6)
  2 worms
  2 dart slugs (D:1)
  34 orcs
  6 ball pythons
  3 endoplasms
  6 giant cockroaches
  21 goblins
  12 hobgoblins
  12 kobolds
  4 quokkas
  11 bats
  6 frilled lizards
  5 rats
210 creatures vanquished.

Vanquished Creatures (collateral kills)
  A jelly (D:8)
  A hound (D:7)
  An orc (D:7)
  3 kobolds (D:8)
6 creatures vanquished.

Vanquished Creatures (others)
  2 dancing weapons
  20 fungi (D:6)
22 creatures vanquished.

Grand Total: 238 creatures vanquished

Notes
Turn   | Place    | Note
-------+----------+-------------------------------------------
     0 | D:1      | NinjaNoafa the Gnoll Earth Elementalist began the quest for
                  | the Orb.
     0 | D:1      | Reached XP level 1. HP: 13/13 MP: 6/6
    84 | D:1      | Reached XP level 2. HP: 20/20 MP: 3/7
    91 | D:1      | Learned a level 2 spell: Passwall
   270 | D:1      | Reached skill level 5 in Spellcasting
   270 | D:1      | Reached XP level 3. HP: 25/25 MP: 4/9
   402 | D:1      | Reached skill level 1 in Invocations
   413 | D:1      | Found a faded altar of an unknown god.
   627 | D:2      | Reached skill level 1 in Fighting
   627 | D:2      | Reached skill level 1 in Short Blades
   627 | D:2      | Reached skill level 1 in Long Blades
   627 | D:2      | Reached skill level 1 in Axes
   627 | D:2      | Reached skill level 1 in Maces & Flails
   627 | D:2      | Reached skill level 1 in Polearms
   627 | D:2      | Reached skill level 1 in Staves
   627 | D:2      | Reached skill level 1 in Ranged Weapons
   627 | D:2      | Reached skill level 1 in Throwing
   627 | D:2      | Reached skill level 1 in Armour
   627 | D:2      | Reached skill level 1 in Shields
   627 | D:2      | Reached skill level 1 in Unarmed Combat
   627 | D:2      | Reached skill level 1 in Evocations
   628 | D:2      | Noticed Robin
   633 | D:2      | Reached XP level 4. HP: 32/32 MP: 7/11
   651 | D:2      | Killed Robin
   667 | D:2      | Reached skill level 1 in Conjurations
   667 | D:2      | Reached skill level 1 in Hexes
   667 | D:2      | Reached skill level 1 in Summonings
   667 | D:2      | Reached skill level 1 in Necromancy
   667 | D:2      | Reached skill level 1 in Translocations
   667 | D:2      | Reached skill level 1 in Fire Magic
   667 | D:2      | Reached skill level 1 in Ice Magic
   667 | D:2      | Reached skill level 1 in Air Magic
   667 | D:2      | Reached skill level 1 in Poison Magic
  1176 | D:2      | Reached XP level 5. HP: 37/37 MP: 10/12
  1369 | D:3      | Learned a level 3 spell: Stone Arrow
  1875 | D:4      | Found a shimmering blue altar of Sif Muna.
  1881 | D:4      | Reached XP level 6. HP: 39/44 MP: 9/13
  1889 | D:4      | Noticed a black bear
  1895 | D:4      | Killed a black bear
  1896 | D:4      | Reached skill level 5 in Dodging
  2289 | D:5      | Entered Level 5 of the Dungeon
  2311 | D:5      | Reached XP level 7. HP: 51/51 MP: 10/15
  2623 | D:6      | Reached skill level 5 in Stealth
  2669 | D:6      | Found a staircase to the Ecumenical Temple.
  2747 | Temple   | Entered the Ecumenical Temple
  2783 | Temple   | Became a worshipper of Ashenzari the Shackled
  2983 | D:6      | Reached XP level 8. HP: 32/58 MP: 3/16
  3290 | D:5      | Noticed Eustachio
  3296 | D:5      | Killed Eustachio
  3324 | D:5      | Noticed Grinder
  3330 | D:5      | Killed Grinder
  3441 | D:5      | Learned a level 3 spell: Tukima's Dance
  3659 | D:6      | Reached XP level 9. HP: 45/65 MP: 1/19
  3961 | D:6      | Found a runed translucent door.
  3962 | D:6      | Noticed Crazy Yiuf
  3999 | D:6      | Found a white marble altar of Elyvilon.
  4238 | D:6      | Learned a level 3 spell: Inner Flame
  4242 | D:6      | Learned a level 3 spell: Call Canine Familiar
  4331 | D:6      | Killed Crazy Yiuf
  4397 | D:7      | Noticed a hornet
  4412 | D:6      | Killed a hornet
  4413 | D:6      | Reached skill level 5 in Invocations
  4800 | D:7      | Noticed Joseph
  5077 | D:7      | Reached * piety under Ashenzari
  5105 | D:7      | Killed Joseph
  5187 | D:7      | Reached skill level 5 in Fighting
  5187 | D:7      | Reached skill level 5 in Short Blades
  5187 | D:7      | Reached skill level 5 in Long Blades
  5187 | D:7      | Reached skill level 5 in Axes
  5187 | D:7      | Reached skill level 5 in Maces & Flails
  5187 | D:7      | Reached skill level 5 in Polearms
  5187 | D:7      | Reached skill level 5 in Staves
  5187 | D:7      | Reached skill level 5 in Ranged Weapons
  5187 | D:7      | Reached skill level 5 in Throwing
  5187 | D:7      | Reached skill level 5 in Armour
  5187 | D:7      | Reached skill level 5 in Shields
  5187 | D:7      | Reached skill level 5 in Unarmed Combat
  5187 | D:7      | Reached skill level 5 in Evocations
  5214 | D:7      | Reached XP level 10. HP: 74/76 MP: 6/22
  5812 | D:8      | Noticed a two-headed ogre
  5826 | D:8      | Killed a two-headed ogre
  5827 | D:8      | Reached skill level 5 in Transmutations
  5925 | D:7      | Learned a level 4 spell: Leda's Liquefaction
  6363 | D:8      | Engulfed by a cloud of flame

Illustrated notes

Levels and vault maps discovered:
D:1:      dpeg_arrival_arbitrary_a, layout_rooms,
          hellmonk_ecumenical_altar_prayer_group
D:2:      kennysheep_six_static_rooms, layout_loops_cross, uniq_robin
D:3:      layout_rooms
D:4:      layout_loops_cross, lemuel_tele_altar, st_stairs_13
D:5:      layout_loops_cross, uniq_grinder, uniq_eustachio
D:6:      kennysheep_steamy, layout_loops_ring, elyvilon_altar_1,
          minmay_temple_entry_slanted, minmay_alternating_orb,
          uniq_crazy_yiuf_cottage
D:7:      layout_loops_cross, uniq_joseph
D:8:      layout_gridville, minmay_misc_feat_cross, minmay_starry_boxes,
          uniq_erica
Temple:   compressed_dpeg_circular_temple

Skill      XL: |  1  2  3  4  5  6  7  8  9 10 |
---------------+-------------------------------+-----
Transmutations | 2 3 4 5 |  5.1
Spellcasting   | 5 6 7 |  7.5
Invocations    | 1 2 3 4 5 6 |  6.1
Fighting       | 1 2 3 5 |  5.5
Short Blades   | 1 2 3 5 |  5.5
Long Blades    | 1 2 3 5 |  5.5
Axes           | 1 2 3 5 |  5.5
Maces & Flails | 1 2 3 5 |  5.5
Polearms       | 1 2 3 5 |  5.5
Staves         | 1 2 3 5 |  5.5
Ranged Weapons | 1 2 3 5 |  5.5
Throwing       | 1 2 3 5 |  5.5
Armour         | 1 2 3 5 |  5.5
Shields        | 1 2 3 5 |  5.5
Unarmed Combat | 1 2 3 5 |  5.5
Evocations     | 1 2 3 5 |  5.5
Conjurations   | 1 2 3 4 |  4.5
Hexes          | 1 2 3 4 |  4.5
Summonings     | 1 2 3 4 |  4.5
Necromancy     | 1 2 3 4 |  4.5
Translocations | 1 2 3 4 |  4.5
Fire Magic     | 1 2 3 4 |  4.5
Ice Magic      | 1 2 3 4 |  4.5
Air Magic      | 1 2 3 4 |  4.5
Poison Magic   | 1 2 3 4 |  4.5
Dodging        | 5 6 7 |  7.3
Stealth        | 5 6 7 |  7.0
Earth Magic    | 6 7 |  7.2

Action                     |  1- 3 |  4- 6 |  7- 9 | 10-12 || total
---------------------------+-------+-------+-------+-------++-------
  Melee: Dagger            |     7 |       |    38 |    20 ||    65
         Bite              |     3 |     2 |     5 |     2 ||    12
         Short sword       |     1 |    12 |       |       ||    13
         Punch             |       |     1 |     1 |     1 ||     3
   Cast: Sandblast         |    43 |    85 |    99 |    11 ||   238
         Passwall          |     1 |       |     3 |       ||     4
         Stone Arrow       |       |    15 |    48 |    22 ||    85
         Inner Flame       |       |       |    11 |    11 ||    22
         Call Canine Famil |       |       |     9 |    17 ||    26
         Tukima's Dance    |       |       |     3 |     2 ||     5
         Leda's Liquefacti |       |       |       |     3 ||     3
 Invoke: Curse Item        |       |       |     2 |       ||     2
  Evoke: Wand              |       |       |     2 |       ||     2
    Use: Potion            |       |     1 |     5 |       ||     6
         Scroll            |       |       |    13 |       ||    13
   Stab: Sleeping          |     1 |       |       |       ||     1
         Distracted        |       |       |       |     1 ||     1
 Armour: Robe              |     8 |    14 |    48 |    33 ||   103
  Dodge: Dodged            |    22 |    49 |   146 |    67 ||   284

Table legend: (Time is in decaauts)
 A = Elapsed time spent in this place.
 B = Non-inter-level travel time spent in this place.
 C = Inter-level travel time spent in this place.
 D = Time resting spent in this place.
 E = Time spent auto-exploring this place.
 F = Levels seen in this place.
 G = Mean time per level.
                   A        B        C        D        E       F      G
               +--------+--------+--------+--------+--------+-----+--------+
         Total |   6486 |   6195 |    291 |    865 |   3570 |   9 |  720.7 |
       Dungeon |   6405 |   6122 |    283 |    865 |   3533 |   8 |  800.6 |
        Temple |     81 |     73 |      8 |      0 |     37 |   1 |   81.0 |
               +--------+--------+--------+--------+--------+-----+--------+

Top non-repeatable levels by time:
     D:6: 1783 daAuts
     D:7: 1035 daAuts
     D:2: 799 daAuts
     D:5: 760 daAuts
     D:1: 561 daAuts
     D:4: 528 daAuts
     D:8: 478 daAuts
     D:3: 457 daAuts
  Temple: 81 daAuts
